 Dungeon Crawl Stone Soup version 0.29-a0-88-g03a7b78be7 (webtiles) character file.

Game seed: 2546227469181101653

12717 Sweetruy1997 the Cleaver (level 11, -1/127 (142) HPs)
             Began as a Hill Orc Fighter on Feb 5, 2022.
             Was an Elder of Beogh.
             Killed by divine providence
             ... invoked by an orc high priest
              (10 damage)
             ... on level 1 of the Orcish Mines.
             The game lasted 00:45:09 (16824 turns).

Sweetruy1997 the Cleaver (Hill Orc Fighter)        Turns: 16824, Time: 00:45:10

HP:   -1/127 (142)  AC:  5    Str: 30    XL:     11   Next: 97%
MP:   0/11          EV: 12    Int: 13    God:    Beogh [****..]
Gold: 147           SH: 11    Dex: 16    Spells: 10/10 levels left

rFire   + + +      SeeInvis +   r - +7 broad axe of Flawed Execution {vorpal, rC- Str+7 Dex+2 Stlth-}
rCold   x . .      Faith    .   s - +2 kite shield {reflect}
rNeg    . . .      Spirit   +   F - +0 leather armour "Culoroxi" {Str+3 Int+5 Stlth+}
rPois   .          Reflect  +   f - +0 helmet
rElec   .          Harm     .   G - +0 cloak
rCorr   +          Rampage  .   w - +0 pair of gloves
Will    .....                   b - +0 pair of boots
Stlth   ..........              e - amulet of guardian spirit
HPRegen 0.31/turn               y - ring of protection from fire
MPRegen 0.12/turn               I - ring of resist corrosion

@: berserking, lethally poisoned (-1 -> -19), corroded, heavily drained, slow
A: see invisible, fire resistance 2, noise suppression
a: Renounce Religion, Smiting, Recall Orcish Followers


You were on level 1 of the Orcish Mines.
You worshipped Beogh.
Beogh was greatly pleased with you.
You visited 4 branches of the dungeon, and saw 13 of its levels.
You also visited: Bailey.

You collected 1020 gold pieces.
You spent 873 gold pieces at shops.

Inventory:

Hand Weapons
 g - a +4 whip of electrocution
 q - the +8 hand axe "Hill Orc's Regret" {antimagic, rF+ Str+5}
   (You found it on level 2 of the Dungeon)

   It reduces the magical energy of the wielder, and disrupts the spells and
   magical abilities of those it strikes.
   Natural abilities and divine invocations are not affected.
   Str:       It affects your strength (+5).
   rF:        It protects you from fire.
 r - the +7 broad axe of Flawed Execution (weapon) {vorpal, rC- Str+7 Dex+2 Stlth-}
   (You found it in a bailey)

   It inflicts extra damage upon your enemies.
   Str:       It affects your strength (+7).
   Dex:       It affects your dexterity (+2).
   rC:        It makes you vulnerable to cold.
   Stlth:     It makes you less stealthy.
Missiles
 v - 2 javelins (quivered)
Armour
 b - a +0 pair of boots (worn)
 f - a +0 helmet (worn)
 s - a +2 kite shield of reflection (worn)
 w - a +0 pair of gloves (worn)
 F - the +0 leather armour "Culoroxi" (worn) {Str+3 Int+5 Stlth+}
   (You found it on level 7 of the Dungeon)

   Str:       It affects your strength (+3).
   Int:       It affects your intelligence (+5).
   Stlth:     It makes you more stealthy.
 G - a +0 cloak (worn)
Jewellery
 e - an amulet of guardian spirit (around neck)
 y - a ring of protection from fire (left hand)
 D - a ring of fire
 I - a ring of resist corrosion (right hand)
Wands
 u - a wand of flame (18)
 A - a wand of polymorph (11)
 C - a wand of iceblast (3)
Scrolls
 i - 2 scrolls of holy word
 j - 2 scrolls of fog
 k - 2 scrolls of fear
 l - 2 scrolls of brand weapon
 m - 6 scrolls of teleportation
 p - a scroll of summoning
 z - 2 scrolls of blinking
Potions
 c - a potion of haste
 d - a potion of cancellation
 h - a potion of lignification
 o - a potion of attraction
 B - 2 potions of flight
 E - 2 potions of curing
 H - a potion of ambrosia {unknown}
Miscellaneous
 n - a phial of floods (inert)


   Skills:
 + Level 8.7 Fighting
 + Level 14.3 Axes
 - Level 1.8(8.0) Maces & Flails
 - Level 8.0 Throwing
 + Level 8.6 Armour
 + Level 4.7 Dodging
 + Level 4.1 Stealth
 - Level 4.0 Shields
 + Level 0.3 Evocations


You had 10 spell levels left.
You didn't know any spells.
Your spell library contained the following spells:

 Spells                   Type           Power      Damage    Failure   Level
 Blink                    Tloc           0%         N/A       83%         2
 Call Canine Familiar     Summ           0%         N/A       97%         3
 Ignite Poison            Fire/Tmut/Pois 0%         N/A       97%         3
 Lesser Beckoning         Tloc           0%         N/A       97%         3
 Mephitic Cloud           Conj/Pois/Air  0%         N/A       97%         3
 Portal Projectile        Hex/Tloc       0%         N/A       97%         3
 Leda's Liquefaction      Hex/Erth       0%         N/A       100%        4
 Fireball                 Conj/Fire      0%         3d3       100%        5
 Freezing Cloud           Conj/Ice/Air   0%         6-21      100%        5
 Iskenderun's Battlesphe  Conj           0%         2d6       100%        5
 Manifold Assault         Tloc           0%         N/A       100%        5
 Conjure Ball Lightning   Conj/Air       0%         3x3d6     100%        6
 Orb of Destruction       Conj           0%         9d5       100%        7


Dungeon Overview and Level Annotations

Branches:
Dungeon (10/15)            Temple (1/1) D:5            Lair (1/6) D:8
    Orc (1/2) D:9          Bailey (visited)

Altars:
Cheibriados
Dithmenos
Fedhas
Gozag
Hepliaklqana
Kikubaaqudgha
Makhleb
Nemelex Xobeh
Okawaru
Qazlal
Ru
Sif Muna
Trog
Uskayaw
Vehumet
Wu Jian
Xom
Yredelemnul
Zin
The Shining One

Shops:
D:3 :[*?*   D:4 (

Annotations:
D:9 1 runed translucent door, AlmostDecent's ghost, journeyman TrBe
D:10 1 runed translucent door, crazypyro's ghost, novice MiFi
Lair:1 lordive's ghost, journeyman SpAK


Innate Abilities, Weirdness & Mutations

You have supernaturally acute eyesight. (SInv)
Your flesh is very heat resistant. (rF++)
You passively dampen the noise of your surroundings.


Message History

* * * LOW HITPOINT WARNING * * *
The orc warrior hits your orc warrior but does no damage.
Your orc hits the two-headed ogre but does no damage.
The rust devil splashes around in the water.
You slash the rust devil!
The rust devil is severely wounded.
You hit the rust devil.
The orange demon is no longer waterlogged.
Your orc warrior no longer looks unusually strong.
Geork barely misses the rust devil.
Your orc warrior hits the orc warrior with a +0 long sword!
Your orc knight roars a battlecry!
Your orcs go into a battle-frenzy!
You block the orange demon's attack. The rust devil misses you.
The orc high priest hits you but does no damage.
The orc warrior hits your orc warrior with a +0 halberd!
Your orc warrior dies!
Your orc hits the two-headed ogre but does no damage.
You slash the rust devil!
You kill the rust devil!
The rust devil disappears in a puff of smoke!
You slash the rust devil!
The rust devil is no longer waterlogged.
Something hits your orc!
Your orc dies!
The orange demon stings you from afar.
* * * LOW HITPOINT WARNING * * *
You are lethally poisoned!
The orange demon poisons you! The rust devil hits you.
* * * LOW HITPOINT WARNING * * *
The rust devil corrodes you!
The orc stares at you in amazement and kneels.
It shouts, "I'll follow thee gladly!"
An orc comes into view. It is wielding a +0 mace.
* * * LOW HITPOINT WARNING * * *
You feel very sick.
The orc high priest mumbles some strange prayers to Beogh against you.
Beogh smites you!
You die...
Beogh appreciates the orc high priest's killing of a heretic priest.

.##.......###
..........#.##
......#......#
.....####...# # #...o##
....# .##
....)o##...####.##
o.##.o#....#...(o#
oo#.oooo..###ooo#####...
####.ooo###oooo)@o)oO.).
####.##.ooo##44...).o
#.#.).ooo###.....#.
###....o## ..####
##....# ...# ##...#
....# ###... ..#...
#.... .###.. ###...


You could see an orc high priest, a two-headed ogre, an orange demon (summoned),
a rust devil (summoned), an orc warrior, 3 friendly orc knights, the friendly
Geork the orc knight (strong, waterlogged), a friendly orc warrior (strong) and
7 friendly orcs.

Vanquished Creatures
  Erolcha (D:10)
  An orc high priest (Orc:1)
  An orc knight (Bailey)
  Maurice (D:9)
  The ghost of lordive the Ruffian, a novice TrWr (D:5)
  An unseen horror (D:10)
  A komodo dragon (Lair:1)
  2 hornets (D:9)
  17 yaks
  A vampire (D:9)
  2 shadows
  A wyvern (D:5)
  2 wraiths
  Grum (D:10)
  A steam dragon (D:9)
  A warg (Orc:1)
  2 water moccasins
  4 orc warriors
  A sky beast (D:5)
  An ice beast (D:6)
  A necrophage (D:6)
  An ogre (D:6)
  2 black bears
  2 wolves (D:10)
  A centaur (D:7)
  4 kobold brigands
  2 bullfrogs
  4 scorpions
  A gnoll sergeant (D:8)
  2 water moccasin skeletons
  10 killer bees
  5 wights (D:4)
  4 howler monkeys
  2 electric eels (D:6)
  A bullfrog zombie (D:5)
  6 hounds
  5 orc priests
  An iguana (D:4)
  Crazy Yiuf (D:7)
  3 bullfrog skeletons
  7 orc wizards
  2 killer bee zombies
  A howler monkey skeleton (D:7)
  A howler monkey zombie (D:9)
  4 adders
  7 gnolls
  2 white imps
  An ufetubus (D:5)
  A worm (D:4)
  2 dart slugs
  36 orcs
  8 ball pythons
  9 endoplasms
  5 giant cockroaches
  7 goblins
  8 hobgoblins
  2 jackals (D:4)
  27 kobolds
  2 quokkas (D:1)
  4 bats
  4 frilled lizards
  4 rats
245 creatures vanquished.

Vanquished Creatures (collateral kills)
  A two-headed ogre (D:10)
  A tengu warrior (D:10)
  A troll (Orc:1)
  A shadow (D:10)
  A wraith (D:10)
  4 yaks
  An acid dragon (D:9)
  5 orc warriors
  An ogre (Orc:1)
  3 killer bees
  3 orc priests
  An orc wizard (D:10)
  A white imp (D:8)
  4 orcs
28 creatures vanquished.

Vanquished Creatures (others)
  An orc sorcerer (Orc:1)
  5 orc warriors
  An orc priest (Orc:1)
  An orc wizard (Orc:1)
  14 orcs
  9 fungi
  22 plants
53 creatures vanquished.

Grand Total: 326 creatures vanquished

Notes
Turn   | Place    | Note
-------+----------+-------------------------------------------
     0 | D:1      | Sweetruy1997 the Hill Orc Fighter began the quest for the
                  | Orb.
     0 | D:1      | Reached XP level 1. HP: 19/19 MP: 1/1
   342 | D:1      | Reached XP level 2. HP: 27/27 MP: 2/2
   814 | D:1      | Found a faded altar of an unknown god.
  1439 | D:2      | Reached XP level 3. HP: 32/33 MP: 3/3
  1660 | D:2      | Found a hide-covered altar of Uskayaw.
  1680 | D:2      | Identified the +8 hand axe "Hill Orc's Regret" {antimagic,
                  | rF+ Str+5}
  2199 | D:3      | Found Busupot's Assorted Antiques.
  2206 | D:3      | Bought 2 ruby potions for 59 gold pieces
  2266 | D:3      | Reached skill level 1 in Maces & Flails
  2460 | D:3      | Reached XP level 4. HP: 40/40 MP: 1/4
  2635 | D:3      | Found Atyff's Antique Armour Emporium.
  2648 | D:3      | Found Moteu's Book Shop.
  2652 | D:3      | Gained mutation: You are covered in fur. (AC +1) [potion of
                  | mutation]
  2652 | D:3      | Gained mutation: Armour fits poorly on your strangely
                  | shaped body. [potion of mutation]
  2652 | D:3      | Gained mutation: You possess an exceptional clarity of
                  | mind. [potion of mutation]
  2709 | D:3      | Found Ekaim's Magic Scroll Emporium.
  2719 | D:3      | Bought a scroll of fog for 20 gold pieces
  2719 | D:3      | Bought a scroll of fear for 35 gold pieces
  2729 | D:3      | Found Sycaodd's Assorted Antiques.
  2912 | D:3      | Reached skill level 3 in Axes
  2959 | D:3      | Reached skill level 1 in Throwing
  3109 | D:4      | Noticed a scorpion
  3122 | D:4      | Killed a scorpion
  3123 | D:4      | Reached XP level 5. HP: 14/46 MP: 1/5
  3535 | D:4      | Reached skill level 4 in Axes
  3535 | D:4      | Reached XP level 6. HP: 42/52 MP: 2/6
  3610 | D:4      | Found Pifuihad's Firing Range.
  3615 | D:4      | Bought 3 boomerangs for 18 gold pieces
  3615 | D:4      | Bought 4 boomerangs for 24 gold pieces
  3760 | D:4      | Found a hazy altar of Hepliaklqana.
  3812 | D:4      | Lost mutation: Armour fits poorly on your strangely shaped
                  | body. [potion of mutation]
  3812 | D:4      | Lost mutation: You possess an exceptional clarity of mind.
                  | [potion of mutation]
  3812 | D:4      | Gained mutation: Your flesh is heat resistant. (rF+)
                  | [potion of mutation]
  3812 | D:4      | Gained mutation: You have large cloven feet. [potion of
                  | mutation]
  3812 | D:4      | Gained mutation: You are agile. (Dex +2) [potion of
                  | mutation]
  3954 | D:3      | Bought a bubbling pink potion for 27 gold pieces
  4056 | D:4      | Reached skill level 5 in Axes
  4056 | D:4      | Reached skill level 1 in Dodging
  4056 | D:4      | Reached XP level 7. HP: 27/59 MP: 2/7
  4063 | D:4      | Reached skill level 5 in Armour
  4597 | D:5      | Entered Level 5 of the Dungeon
  4597 | D:5      | Noticed a +0 dagger
  4597 | D:5      | Noticed a +0 hand axe
  4599 | D:5      | Found a hide-covered altar of Uskayaw.
  4638 | D:3      | Bought a dark potion for 27 gold pieces
  4682 | D:5      | Reached skill level 6 in Axes
  4685 | D:5      | Found an ancient bone altar of Kikubaaqudgha.
  4686 | D:5      | Noticed a wyvern
  4700 | D:5      | Killed a wyvern
  4705 | D:5      | Reached XP level 8. HP: 45/67 MP: 2/8
  4874 | D:5      | Became a worshipper of Beogh the Brigand
  4959 | D:5      | Reached skill level 5 in Fighting
  5097 | D:5      | Reached skill level 7 in Axes
  5129 | D:5      | Found a runed translucent gate.
  5129 | D:5      | Found a runed translucent gate.
  5129 | D:5      | Found a runed translucent gate.
  5134 | D:5      | Noticed lordive's ghost (novice TrWr)
  5215 | D:5      | Found a staircase to the Ecumenical Temple.
  5231 | Temple   | Entered the Ecumenical Temple
  5780 | D:5      | Killed lordive's ghost
  5780 | D:5      | Reached * piety under Beogh
  5781 | D:5      | Reached skill level 8 in Axes
  5781 | D:5      | Reached skill level 5 in Throwing
  5934 | D:3      | Bought a scroll of blinking for 75 gold pieces
  5934 | D:3      | Bought a scroll of teleportation for 30 gold pieces
  5967 | D:6      | Found Toehono's Assorted Antiques.
  5987 | D:6      | Found a glowing silver altar of Zin.
  5995 | D:6      | Reached XP level 9. HP: 49/74 MP: 3/9
  6517 | D:6      | Found an iron altar of Okawaru.
  6520 | D:6      | Found a shimmering altar of Xom.
  6898 | D:3      | Bought a scroll labelled GORIOHU GECW for 30 gold pieces
  6970 | D:6      | Reached skill level 1 in Stealth
  7023 | D:6      | Reached skill level 9 in Axes
  7764 | D:7      | Reached ** piety under Beogh
  7880 | D:7      | Identified the +0 leather armour "Culoroxi" {Str+3 Int+5
                  | Stlth+}
  7910 | D:7      | Found a blossoming altar of Fedhas.
  8183 | D:7      | Found a runed translucent door.
  8184 | D:7      | Noticed Crazy Yiuf
  8213 | D:7      | Reached XP level 10. HP: 83/83 MP: 3/10
  8407 | D:3      | Bought a pair of boots for 99 gold pieces
  8585 | D:7      | Killed Crazy Yiuf
  9009 | D:8      | Reached skill level 10 in Axes
  9114 | D:8      | Found a staircase to the Lair.
  9147 | D:8      | Found a bloodstained altar of Trog.
  9168 | Lair:1   | Entered Level 1 of the Lair of Beasts
  9698 | Lair:1   | Reached skill level 11 in Axes
  9719 | Lair:1   | Reached *** piety under Beogh
 10012 | Lair:1   | Noticed lordive's ghost (journeyman SpAK)
 10475 | D:8      | Found a radiant altar of Vehumet.
 11108 | D:9      | Paralysed by a hornet for 1 turns
 11476 | D:9      | Reached skill level 12 in Axes
 11564 | D:9      | Found a staircase to the Orcish Mines.
 11755 | D:9      | Reached XP level 11. HP: 92/92 MP: 3/11
 11985 | D:9      | Noticed Maurice
 11998 | D:9      | Killed Maurice
 12073 | D:9      | Found a runed translucent door.
 12074 | D:9      | Noticed a manticore
 12075 | D:9      | Noticed AlmostDecent's ghost (journeyman TrBe)
 12577 | D:9      | Reached skill level 13 in Axes
 12973 | D:10     | Entered Level 10 of the Dungeon
 12973 | D:10     | Noticed a tengu warrior
 12983 | D:9      | Gained Geork as an ally
 13100 | D:10     | Noticed a two-headed ogre
 13105 | D:10     | Killed a two-headed ogre
 13132 | D:10     | Found a flagged portal.
 13141 | Bailey   | Entered a bailey
 13487 | Bailey   | Identified the +7 broad axe of Flawed Execution {vorpal,
                  | rC- Str+7 Dex+2 Stlth-}
 13556 | Bailey   | Noticed an orc knight
 13556 | Bailey   | Noticed an orc knight
 13570 | Bailey   | Killed an orc knight
 14554 | D:10     | Noticed crazypyro's ghost (novice MiFi)
 14569 | D:10     | Found a runed translucent door.
 14609 | D:10     | Killed a tengu warrior
 14680 | D:10     | Reached **** piety under Beogh
 15059 | D:10     | Lost mutation: You are covered in fur. (AC +1) [potion of
                  | mutation]
 15059 | D:10     | Lost mutation: You are agile. (Dex +2) [potion of mutation]
 15059 | D:10     | Lost mutation: You have large cloven feet. [potion of
                  | mutation]
 15059 | D:10     | Gained mutation: You passively dampen the noise of your
                  | surroundings. [potion of mutation]
 15059 | D:10     | Gained mutation: Your flesh is very heat resistant. (rF++)
                  | [potion of mutation]
 15059 | D:10     | Gained mutation: You have supernaturally acute eyesight.
                  | (SInv) [potion of mutation]
 15067 | D:10     | Noticed Erolcha
 15075 | D:10     | Killed Erolcha
 15076 | D:10     | Reached skill level 14 in Axes
 15107 | D:10     | Noticed Grum
 15116 | D:10     | Killed Grum
 15268 | D:10     | Found a sacrificial altar of Ru.
 15459 | D:3      | Bought 2 scrolls labelled UQOEHAI ZYNLIPH for 66 gold
                  | pieces
 15459 | D:3      | Bought a potion of curing for 99 gold pieces
 15459 | D:3      | Bought a scroll of teleportation for 99 gold pieces
 15523 | D:3      | Bought a runed kite shield for 165 gold pieces
 16720 | Orc:1    | Entered Level 1 of the Orcish Mines
 16735 | Orc:1    | Noticed an orc high priest
 16741 | Orc:1    | Killed an orc high priest
 16795 | Orc:1    | Noticed an orc sorcerer
 16805 | Orc:1    | Noticed an orc knight
 16812 | Orc:1    | Noticed an orc high priest
 16813 | Orc:1    | Noticed a soul eater
 16819 | Orc:1    | Noticed a two-headed ogre
 16824 | Orc:1    | Killed from afar by an orc high priest

Illustrated notes

Levels and vault maps discovered:
D:1:      nagdon_arrival_zigzag_paths, layout_basic,
          shapermc_ecumenical_altar_ellora
D:2:      layout_loops_ring, basic_altar
D:3:      minmay_chambers_of_twos, layout_loops_ring, serial_shops, shop,
          nicolae_shop_hallway_plus, shop, shop, shop, kennysheep_generic_room_9
D:4:      layout_gridville, nicolae_hepliaklqana_hazy_memory,
          nicolae_shop_firing_range
D:5:      layout_basic, dancing_weapons_uskayaw, mainiacjoe_overflow_catwalk,
          minmay_temple_entry_offerings, gammafunk_ghost_necromancy,
          amethyst_killhole
D:6:      layout_loops_cross, old_standard_altar, nicolae_overflow_squiral,
          serial_shops, shop
D:7:      layout_gridville, mainiacjoe_overflow_surrounded_room,
          uniq_crazy_yiuf_cottage
D:8:      layout_loops_cross, fiery_altar_vehumet, bloody_trog,
          nicolae_overflow_hidden_temple, dpeg_oklobed_lair
D:9:      layout_basic, orc_david_3, ebering_ghost_inner_flame,
          serial_bayou_crossing, uniq_maurice
D:10:     layout_loops_ring, nicolae_ru_path_of_blood, hellmonk_ghost_big_iron,
          enter_bailey_8, serial_bayou_pond_d, st_stairs_10, uniq_grum,
          uniq_erolcha
Temple:   eino_wide_crystal_templ
Lair:1:   layout_roguey, hellmonk_ghost_happy_afterlife, grunt_megastairs_3,
          serial_bayou_shore_b, lemuel_fruit_tree, infiniplex_staircase_pool,
          uniq_gastronok, uniq_joseph
Orc:1:    layout_diamond_mine, uniq_sonja

Skill      XL: |  1  2  3  4  5  6  7  8  9 10 11 |
---------------+----------------------------------+-----
Armour         | 4 5 6 7 8 |  8.6
Maces & Flails | 1 |  1.8
Axes           | 3 4 5 6 8 9 12 14 | 14.3
Throwing       | 1 2 3 5 7 8 |  8.0
Fighting       | 4 5 6 7 8 |  8.7
Shields        | 4 |  4.0
Dodging        | 1 2 3 4 |  4.7
Stealth        | 1 2 4 |  4.1
Evocations     | |  0.3

Action                   |  1- 3 |  4- 6 |  7- 9 | 10-12 || total
-------------------------+-------+-------+-------+-------++-------
Melee: Dagger            |     9 |       |       |       ||     9
       Whip              |    87 |       |       |       ||    87
       Hand axe          |    17 |    72 |   160 |   223 ||   472
       Kick              |       |     2 |    42 |       ||    44
       Broad axe         |       |       |       |    44 ||    44
Throw: Javelin           |    21 |    34 |    31 |    45 ||   131
       Boomerang         |       |     4 |    70 |    26 ||   100
Invok: Convert to Beogh  |       |       |     1 |       ||     1
Evoke: Wand              |       |       |       |     1 ||     1
       Phial of floods   |       |       |       |     1 ||     1
  Use: Scroll            |     6 |     3 |     1 |    13 ||    23
       Potion            |       |     4 |     4 |     7 ||    15
 Stab: Distracted        |       |       |       |     2 ||     2
       Sleeping          |       |       |       |     2 ||     2
Armor: Scale mail        |    39 |    25 |    65 |       ||   129
       Leather armour    |       |       |       |    46 ||    46
Dodge: Dodged            |    45 |    17 |    57 |    85 ||   204
Block: Buckler           |    22 |       |       |       ||    22
       Kite shield       |     7 |    39 |    73 |   105 ||   224

Table legend: (Time is in decaauts)
 A = Elapsed time spent in this place.
 B = Non-inter-level travel time spent in this place.
 C = Inter-level travel time spent in this place.
 D = Time resting spent in this place.
 E = Time spent auto-exploring this place.
 F = Levels seen in this place.
 G = Mean time per level.
                   A        B        C        D        E       F      G
               +--------+--------+--------+--------+--------+-----+--------+
         Total |  17019 |  15671 |   1348 |   3994 |   9358 |  14 | 1215.6 |
       Dungeon |  14631 |  13291 |   1340 |   2617 |   8739 |  10 | 1463.1 |
        Temple |     51 |     43 |      8 |      0 |     35 |   1 |   51.0 |
          Lair |    845 |    845 |      0 |    629 |     61 |   1 |  845.0 |
  Orcish Mines |    105 |    105 |      0 |      0 |     52 |   1 |  105.0 |
        Bailey |   1385 |   1385 |      0 |    748 |    470 |   1 | 1385.0 |
               +--------+--------+--------+--------+--------+-----+--------+

Top non-repeatable levels by time:
     D:9: 2568 daAuts
     D:4: 1810 daAuts
     D:7: 1592 daAuts
     D:8: 1469 daAuts
  Bailey: 1385 daAuts
     D:1: 1356 daAuts
     D:3: 1326 daAuts
     D:5: 1323 daAuts
     D:6: 1245 daAuts
    D:10: 1151 daAuts
  Lair:1: 845 daAuts
     D:2: 788 daAuts
   Orc:1: 105 daAuts
  Temple: 51 daAuts
